 Dungeon Crawl Stone Soup version 0.21-a0-260-g9b2435e (webtiles) character file.

39425 Chiseanne the Imperceptible (level 13, -6/57 HPs)
             Began as a Spriggan Assassin on Sept 7, 2017.
             Was an Initiate of Gozag.
             Mangled by a red ugly thing (19 damage)
             ... on level 14 of the Dungeon.
             The game lasted 01:04:38 (21644 turns).

Chiseanne the Imperceptible (Spriggan Assassin)    Turns: 21644, Time: 01:04:39

Health: -6/57      AC:  9    Str: 11    XL:     13   Next: 69%
Magic:  21/21      EV: 34    Int: 14    God:    Gozag
Gold:   1220       SH:  0    Dex: 23    Spells: 18/21 levels left

rFire    . . .     SeeInvis +   s - +5 falchion of Trog's Approval {flame, rElec Dex+2}
rCold    . . .     Gourm    .   (shield restricted)
rNeg     + . .     Faith    .   A - +2 steam dragon scales
rPois    .         Spirit   .   (helmet restricted)
rElec    +         Reflect  .   d - +1 cloak
rCorr    .         Harm     .   (gloves unavailable)
MR       ++...                  (boots unavailable)
Stlth    ++++++++..             i - amulet of magic regeneration
HPRegen  0.19/turn              N - ring of positive energy
MPRegen  0.42/turn              V - +4 ring of strength

@: very quick
A: unfitting armour, see invisible, herbivore 3, speed 3, slow metabolism 2
a: Potion Petition, Call Merchant, Bribe Branch, Renounce Religion


You were on level 14 of the Dungeon.
You worshipped Gozag.
Gozag was most pleased with you.
You were full.

You visited 2 branches of the dungeon, and saw 16 of its levels.
You also visited: Bailey.

You collected 4070 gold pieces.
You spent 1048 gold pieces at shops.
You paid 1802 gold pieces to Gozag.

Inventory:

Hand Weapons
 a - the +2 dagger "Fakhies" {pierce, +Blink +Inv rElec rC++}
   (You bought it in a shop on level 12 of the Dungeon)

   It inflicts extra damage upon your enemies.
   It greatly protects you from cold.
   It insulates you from electricity.
   It lets you turn invisible.
   It lets you blink.
 s - the +5 falchion of Trog's Approval (weapon) {flame, rElec Dex+2}
   (You found it on level 6 of the Dungeon)

   It has been specially enchanted to burn those struck by it, causing extra
   injury to most foes and up to half again as much damage against particularly
   susceptible opponents.
   Big, fiery blades are also staple armaments of hydra-hunters.
   It affects your dexterity (+2).
   It insulates you from electricity.
 w - a +1 blowgun
Missiles
 e - 58 poisoned needles
 h - 283 stones (quivered)
 k - 3 needles of sleeping
 l - 166 sling bullets
 p - 630 arrows
 q - 45 tomahawks of returning
 t - 13 tomahawks
 C - 123 bolts
Armour
 d - a +1 cloak (worn)
 A - +2 steam dragon scales (worn)
Jewellery
 c - an uncursed ring of flight
 i - an amulet of magic regeneration (around neck)
 N - a ring of positive energy (left hand)
 V - a +4 ring of strength (right hand)
Wands
 B - a wand of confusion (15/48)
 E - a wand of paralysis (15/24)
 H - a wand of digging (7/24)
 P - a wand of digging (8/24)
Scrolls
 b - 7 scrolls of identify
 o - a scroll of recharging
 u - 2 scrolls of immolation
 v - a scroll of magic mapping
 G - 8 scrolls of teleportation
 K - 7 scrolls of remove curse
 Q - 3 scrolls of amnesia
 R - a scroll of enchant weapon
 T - 2 scrolls of fog
 W - a scroll of holy word
 Y - 2 scrolls of silence
Potions
 j - 5 potions of flight
 m - 3 potions of mutation
 n - a potion of cancellation
 x - 2 potions of ambrosia
 z - 4 potions of magic
 I - a potion of heal wounds
 J - 2 potions of curing
 L - a potion of berserk rage
 U - 3 potions of lignification
 X - a potion of resistance
Books
 r - a book of Conjurations

   Spells                             Type                      Level
   a - Magic Dart                     Conjuration                  1
   b - Searing Ray                    Conjuration                  2
   c - Dazzling Spray                 Conjuration/Hexes            3
   d - Fulminant Prism                Conjuration/Hexes            4
   e - Force Lance                    Conjuration/Translocation    4
   f - Iskenderun's Mystic Blast      Conjuration                  4
 y - a book of Changes

   Spells                             Type                      Level
   a - Beastly Appendage              Transmutation                1
   b - Sticks to Snakes               Transmutation                2
   c - Spider Form                    Transmutation/Poison         3
   d - Ice Form                       Ice/Transmutation            4
   e - Blade Hands                    Transmutation                5
 D - a book of Air

   Spells                             Type                      Level
   a - Shock                          Conjuration/Air              1
   b - Swiftness                      Charms/Air                   2
   c - Static Discharge               Conjuration/Air              3
   d - Airstrike                      Air                          4
   e - Lightning Bolt                 Conjuration/Air              5
 F - a book of Maledictions

   Spells                             Type                      Level
   a - Corona                         Hexes                        1
   b - Ensorcelled Hibernation        Hexes/Ice                    2
   c - Confuse                        Hexes                        3
   d - Tukima's Dance                 Hexes                        3
   e - Dazzling Spray                 Conjuration/Hexes            3
 M - a book of Flames

   Spells                             Type                      Level
   a - Flame Tongue                   Conjuration/Fire             1
   b - Throw Flame                    Conjuration/Fire             2
   c - Conjure Flame                  Conjuration/Fire             3
   d - Inner Flame                    Hexes/Fire                   3
   e - Sticky Flame                   Conjuration/Fire             4
   f - Fireball                       Conjuration/Fire             5
 O - a book of Enchantments

   Spells                             Type                      Level
   a - Cause Fear                     Hexes                        4
   b - Yara's Violent Unravelling     Hexes/Transmutation          5
   c - Silence                        Hexes/Air                    5
   d - Deflect Missiles               Charms/Air                   6
   e - Discord                        Hexes                        8
 Z - a book of Spatial Translocations

   Spells                             Type                      Level
   a - Blink                          Translocation                2
   b - Shroud of Golubria             Charms/Translocation         2
   c - Lesser Beckoning               Translocation                3
   d - Gell's Gravitas                Translocation                3
   e - Teleport Other                 Translocation                3
   f - Passage of Golubria            Translocation                4
Miscellaneous
 S - a fan of gales
Comestibles
 g - 12 bread rations


   Skills:
 - Level 1.5 Fighting
 - Level 11.4(12.2) Short Blades
 - Level 5.5(8.0) Long Blades
 - Level 2.0 Throwing
 * Level 16.2 Dodging
 - Level 22.0 Stealth
 * Level 4.7 Spellcasting
 * Level 4.7 Hexes


You had 18 spell levels left.
You knew the following spells:

 Your Spells              Type           Power        Failure   Level  Hunger
a - Confuse               Hex            ###.....     8%          3    ###....


Dungeon Overview and Level Annotations

Branches:
Dungeon (15/15)            Temple (1/1) D:5            Lair (0/6) D:10
    Orc (0/2) D:10         Vaults (0/5) D:14
 Depths: D:15

Altars:
Cheibriados
Elyvilon
Gozag
Hepliaklqana
Kikubaaqudgha
Makhleb
Nemelex Xobeh
Okawaru
Sif Muna
Uskayaw
Vehumet
Wu Jian
Xom
Yredelemnul
Zin
The Shining One

Shops:
D:5 !   D:10 [   D:11 %?[}   D:12 (   D:13 }

Annotations:
D:5 dricus's ghost, novice MfBe


Innate Abilities, Weirdness & Mutations

You are very small and have problems with some larger weapons.
You are too small for most types of armour.
You have supernaturally acute eyesight. (SInv)
You are a herbivore.
You cover ground extremely quickly.
You need consume almost no food.


Message History

You closely miss the red ugly thing.
The red ugly thing is severely wounded.
The red ugly thing is no longer moving slowly.
You hit the red ugly thing but do no damage.
The red ugly thing is severely wounded.
The red ugly thing completely misses you.
You hit the red ugly thing.
The red ugly thing is severely wounded.
The red ugly thing completely misses you.
You closely miss the red ugly thing.
The red ugly thing is severely wounded.
The red ugly thing pecks you!
You are engulfed in flames!
* * * LOW HITPOINT WARNING * * *
You hit the red ugly thing. You burn the red ugly thing.
The red ugly thing is severely wounded.
The red ugly thing pecks you.
* * * LOW HITPOINT WARNING * * *
You are engulfed in flames!!
You die...
Your body crumbles into a pile of gold.

#...# #.#.#.#.#.#.## #...#
##.#.#.#.#.#.# #...#
#.#.#.#.#.#.## #...#
##.#.#.#.#.#.#
########...#########.#.#.#.#.#.##
...................##.#.#.#.#(#(#
##.................#############(
#.......................#######(
#..............@u.........[..)..
##............).)........########
................)>.......#
.........................#
##########################


You could see a red ugly thing.

Vanquished Creatures
  4 hydras
  A vault guard (D:14)
  4 centaur warriors
  9 two-headed ogres
  Erica (D:11)
  3 tengu warriors
  2 unseen horrors
  6 ugly things
  The ghost of Alateas the Covert, a novice SpEn of Dithmenos (D:7)
  2 deep elf magi
  2 cyclopes
  A manticore (D:11)
  Maurice (D:8)
  4 gargoyles
  2 yaktaurs
  A tengu conjurer (D:14)
  5 trolls
  3 hornets
  7 hippogriffs
  4 slime creatures (D:13)
  2 wraiths
  5 wyverns
  A shadow (D:13)
  A basilisk (D:13)
  5 yaks (D:11)
  A steam dragon (D:14)
  A hungry ghost (D:11)
  14 vampire mosquitoes
  A water moccasin (D:13)
  An acid dragon (D:11)
  8 orc warriors
  2 ice beasts
  5 sky beasts
  A black bear (D:6)
  An eye of draining (D:14)
  2 wolves (D:10)
  9 ogres
  18 centaurs
  A crocodile (D:11)
  3 big kobolds
  21 bullfrogs
  A wyvern skeleton (D:13)
  11 killer bees
  3 howler monkeys
  An electric eel (D:10)
  4 crimson imps
  3 centaur zombies
  3 bullfrog zombies
  19 hounds
  3 jellies
  4 orc wizards
  2 quasits
  2 gnoll shamans (D:6)
  5 orc priests
  A bullfrog skeleton (D:11)
  7 centaur skeletons
  13 worker ants
  3 hound skeletons
  A howler monkey zombie (D:11)
  A worker ant zombie (D:11)
  8 gnolls (D:6)
  12 adders
  3 shadow imps
  A worm (D:5)
  4 leopard geckos
  22 orcs
  8 giant cockroaches
  15 goblins
  17 hobgoblins
  16 jackals
  5 quokkas
  A ball python skeleton (D:5)
  6 bats
  7 frilled lizards
  2 jackal zombies (D:6)
  27 kobolds
  A quokka zombie (D:7)
  3 rats
411 creatures vanquished.

Vanquished Creatures (others)
  A centaur (D:11)
1 creature vanquished.

Grand Total: 412 creatures vanquished

Notes
Turn   | Place    | Note
-------+----------+-------------------------------------------
     0 | D:1      | Chiseanne the Spriggan Assassin began the quest for the Orb.
     0 | D:1      | Reached XP level 1. HP: 10/10 MP: 2/2
     8 | D:1      | Reached skill level 6 in Stealth
   287 | D:1      | Reached XP level 2. HP: 14/14 MP: 3/3
   892 | D:1      | Reached XP level 3. HP: 18/18 MP: 4/4
  1229 | D:2      | Reached skill level 7 in Stealth
  1557 | D:2      | Reached XP level 4. HP: 22/22 MP: 5/5
  2359 | D:3      | Reached skill level 8 in Stealth
  2907 | D:3      | Reached XP level 5. HP: 25/25 MP: 6/6
  3387 | D:4      | Reached skill level 9 in Stealth
  3400 | D:4      | Reached XP level 6. HP: 24/30 MP: 7/7
  3536 | D:4      | Found an ancient bone altar of Kikubaaqudgha.
  3962 | D:4      | Reached skill level 10 in Stealth
  3983 | D:4      | Learned a level 3 spell: Confuse
  4148 | D:4      | Reached skill level 5 in Dodging
  4148 | D:4      | Reached XP level 7. HP: 33/33 MP: 8/8
  4612 | D:5      | Entered Level 5 of the Dungeon
  4669 | D:5      | Reached skill level 11 in Stealth
  4671 | D:5      | Found Xiocvaot's Distillery.
  4769 | D:5      | Found a white marble altar of Elyvilon.
  4769 | D:5      | Found a hazy altar of Hepliaklqana.
  4977 | D:5      | Reached skill level 5 in Short Blades
  5388 | D:5      | Found a staircase to the Ecumenical Temple.
  5414 | D:5      | Noticed dricus's ghost (novice MfBe)
  5436 | Temple   | Entered the Ecumenical Temple
  5566 | Temple   | Became a worshipper of Gozag Ym Sagoz the Greedy
  5703 | D:5      | Reached XP level 8. HP: 30/37 MP: 9/9
  5800 | D:5      | Reached skill level 12 in Stealth
  5806 | D:5      | Found a sparkling altar of Nemelex Xobeh.
  5965 | D:6      | Got an ancient falchion
  6340 | D:6      | Reached skill level 13 in Stealth
  6424 | D:6      | Identified the +5 falchion of Trog's Approval {flame, rElec Dex+2} (You found it on level 6 of the Dungeon)
  6505 | D:6      | Found a hazy altar of Hepliaklqana.
  6841 | D:6      | Reached XP level 9. HP: 41/41 MP: 10/10
  7488 | D:7      | Noticed Alateas's ghost (novice SpEn)
  7499 | D:7      | Reached skill level 14 in Stealth
  7512 | D:7      | Killed Alateas's ghost
  7858 | D:7      | Found an ornate altar of the Wu Jian Council.
  7975 | D:7      | Reached skill level 15 in Stealth
  8596 | D:8      | Reached skill level 10 in Dodging
  8832 | D:8      | Reached XP level 10. HP: 42/46 MP: 11/11
  8835 | D:8      | Reached skill level 16 in Stealth
  8853 | D:8      | Noticed Maurice
  8884 | D:8      | Killed Maurice
  9289 | D:5      | Bought a potion of might for 56 gold pieces
  9289 | D:5      | Bought a potion of degeneration for 14 gold pieces
  9289 | D:5      | Bought a potion of resistance for 140 gold pieces
  9289 | D:5      | Bought a potion of ambrosia for 112 gold pieces
  9289 | D:5      | Bought a potion of lignification for 42 gold pieces
  9289 | D:5      | Bought a potion of agility for 56 gold pieces
  9289 | D:5      | Bought 2 potions of magic for 224 gold pieces
  9289 | D:5      | Bought a potion of mutation for 112 gold pieces
  9434 | D:9      | Noticed a two-headed ogre
  9567 | D:9      | Noticed a two-headed ogre
  9574 | D:9      | Found a flagged portal.
  9583 | Bailey   | Entered a bailey
 10438 | D:9      | Killed a two-headed ogre
 10438 | D:9      | Reached skill level 17 in Stealth
 10517 | D:9      | Noticed a two-headed ogre
 10524 | D:9      | Noticed a two-headed ogre
 10565 | D:9      | Killed a two-headed ogre
 10591 | D:9      | Killed a two-headed ogre
 10872 | D:9      | Killed a two-headed ogre
 10872 | D:9      | Reached skill level 18 in Stealth
 10872 | D:9      | Reached XP level 11. HP: 34/49 MP: 12/12
 11230 | D:10     | Entered Level 10 of the Dungeon
 11487 | D:10     | Found a staircase to the Lair.
 11850 | D:10     | Reached skill level 10 in Short Blades
 11992 | D:10     | Found a staircase to the Orcish Mines.
 12669 | D:11     | Found Ojoezocu's Magic Scroll Boutique.
 12669 | D:11     | Noticed Erica
 12676 | D:11     | Killed Erica
 12676 | D:11     | Reached skill level 19 in Stealth
 12699 | D:11     | Bought a scroll of silence for 82 gold pieces
 13026 | D:11     | Found Omauppen's Food Boutique.
 13194 | D:11     | Noticed a centaur warrior
 13233 | D:11     | Killed a centaur warrior
 13410 | D:11     | Noticed a purple ugly thing
 13413 | D:11     | Killed a purple ugly thing
 13447 | D:11     | Found Huvul's Antique Armour Emporium.
 13463 | D:11     | Found Zaxkygga's Gadget Boutique.
 13544 | D:11     | Reached skill level 20 in Stealth
 13662 | D:12     | Noticed an eight-headed hydra
 13674 | D:12     | Noticed an unseen horror
 14268 | D:11     | Killed a seven-headed hydra
 14268 | D:11     | Reached XP level 12. HP: 15/53 MP: 13/13
 14889 | D:12     | Identified a scroll of acquirement
 15307 | D:12     | Bought a shimmering dagger for 210 gold pieces
 15308 | D:12     | Identified the +2 dagger "Fakhies" {pierce, +Blink +Inv rElec rC++} (You bought it in a shop on level 12 of the Dungeon)
 15412 | D:13     | HP: 1/53 [troll (5)]
 16240 | D:12     | Reached skill level 21 in Stealth
 16635 | D:13     | Found Raluonga's Gadget Boutique.
 16764 | D:13     | Reached skill level 1 in Long Blades
 16809 | D:13     | Noticed a centaur warrior
 16865 | D:13     | Killed a centaur warrior
 17001 | D:13     | Noticed a two-headed ogre
 17044 | D:13     | Killed a two-headed ogre
 17385 | D:14     | Noticed a tengu warrior
 17387 | D:14     | Noticed a four-headed hydra
 17446 | D:13     | Killed a tengu warrior
 17730 | D:13     | Killed a one-headed hydra
 18157 | D:14     | Noticed a two-headed ogre
 18165 | D:14     | Killed a two-headed ogre
 18165 | D:14     | Reached skill level 15 in Dodging
 18255 | D:14     | Noticed a tengu warrior
 18258 | D:14     | Noticed a tengu warrior
 18368 | D:13     | Killed a tengu warrior
 18602 | D:14     | Killed a tengu warrior
 18602 | D:14     | Reached XP level 13. HP: 53/57 MP: 14/14
 19093 | D:14     | Reached skill level 22 in Stealth
 19703 | D:14     | Reached skill level 1 in Spellcasting
 19703 | D:14     | Reached skill level 1 in Hexes
 20177 | D:14     | Reached skill level 5 in Long Blades
 20255 | D:14     | Found a gate to the Vaults.
 20300 | D:15     | Entered Level 15 of the Dungeon
 21644 | D:14     | Mangled by a red ugly thing

Vault maps used:
D:1:      dpeg_arrival_prison
D:3:      first_bread
D:4:      kiku_gazebo_pond_becter
D:5:      gammafunk_temple_overflow_elements, temple_statues, serial_shops,
          nicolae_shop_trees, nemelex_diamond_rough_becter
D:6:      basic_altar
D:7:      nicolae_overflow_hidden_temple
D:8:      roderic_lattice_a, uniq_maurice
D:9:      enter_bailey_2
D:10:     erik_lair_island
D:11:     serial_shops, shop, shop, shop, shop, uniq_erica
D:13:     serial_shops, shop
D:14:     david_vaults_5, grunt_ogre_cave
D:15:     grunt_enter_depths_hoard, evilmike_butchery
Temple:   dpeg_five_rooms_temple
Bailey:   bailey_axe_4, bailey

Skill      XL: |  1  2  3  4  5  6  7  8  9 10 11 12 13 |
---------------+----------------------------------------+-----
Stealth        | 6 7 8 9 10 11 13 15 18 20 21 22 | 22.0
Dodging        | 2 3 4 5 6 8 10 11 13 15 16 | 16.2
Short Blades   | 3 4 5 6 8 9 11 | 11.4
Long Blades    | 3 5 |  5.5
Spellcasting   | 4 |  4.7
Hexes          | 4 |  4.7
Fighting       | |  1.5
Throwing       | |  2.0

Action                   |  1- 3 |  4- 6 |  7- 9 | 10-12 | 13-15 || total
-------------------------+-------+-------+-------+-------+-------++-------
Melee: Dagger            |   153 |   139 |       |    48 |    48 ||   388
       Short sword       |       |    73 |   221 |   128 |       ||   422
       Falchion          |       |       |    82 |   565 |   280 ||   927
 Fire: Blowgun           |       |    58 |    33 |   115 |     2 ||   208
Throw: Stone             |       |       |     1 |       |       ||     1
       Throwing net      |       |       |       |     6 |     1 ||     7
       Tomahawk          |       |       |       |    12 |       ||    12
 Cast: Confuse           |       |       |       |       |    21 ||    21
Invok: Potion Petition   |       |       |       |     2 |       ||     2
       Call Merchant     |       |       |       |     2 |       ||     2
Evoke: Wand              |       |       |     3 |    31 |     9 ||    43
       Phantom mirror    |       |       |       |     1 |       ||     1
  Use: Scroll            |     4 |     4 |     9 |     8 |     2 ||    27
       Potion            |     1 |     1 |       |     9 |       ||    11
 Stab: Sleeping          |     8 |    13 |    20 |    26 |     6 ||    73
       Distracted        |       |     2 |     1 |    13 |     5 ||    21
       Held in net/web   |       |       |       |     4 |     1 ||     5
       Invisible         |       |       |       |     7 |       ||     7
       Confused          |       |       |       |       |     9 ||     9
  Eat: Royal jelly       |       |     4 |       |     5 |       ||     9
       Fruit             |       |       |       |     3 |       ||     3
       Bread ration      |       |       |       |       |     1 ||     1
Armor: Robe              |    19 |    14 |    20 |     5 |       ||    58
       Steam dragon scal |       |       |       |    82 |    29 ||   111
       Skin              |       |       |       |    29 |       ||    29
Dodge: Dodged            |   116 |   157 |   307 |   977 |   471 ||  2028
       Rpst.: Falchion   |       |       |    26 |   200 |   118 ||   344

Table legend:
 A = Spawn XP
 B = Non-spawn XP
 C = Spawn XP percentage of total XP
 D = Spawn monster count
 E = Non-spawn monster count
 F = Spawn count percentage of total count
 G = Total turns spent on level
                    A         B        C        D         E        F      G
               +---------+---------+-------+---------+---------+-------+---------
         Total |       0 |   56322 |   0.0 |       0 |     411 |   0.0 | 21644
               +---------+---------+-------+---------+---------+-------+---------
           D:1 |       0 |      49 |   0.0 |       0 |      29 |   0.0 |  1188
           D:2 |       0 |      78 |   0.0 |       0 |      21 |   0.0 |  1114
           D:3 |       0 |     147 |   0.0 |       0 |      28 |   0.0 |  1019
           D:4 |       0 |     642 |   0.0 |       0 |      29 |   0.0 |  1293
           D:5 |       0 |     810 |   0.0 |       0 |      15 |   0.0 |  1283
           D:6 |       0 |    1280 |   0.0 |       0 |      34 |   0.0 |  1540
           D:7 |       0 |    2018 |   0.0 |       0 |      21 |   0.0 |  1182
           D:8 |       0 |    1173 |   0.0 |       0 |      13 |   0.0 |   584
           D:9 |       0 |    4556 |   0.0 |       0 |      20 |   0.0 |  1089
          D:10 |       0 |    2988 |   0.0 |       0 |      28 |   0.0 |  1303
          D:11 |       0 |    7820 |   0.0 |       0 |      39 |   0.0 |  1862
          D:12 |       0 |    2890 |   0.0 |       0 |      19 |   0.0 |  1631
          D:13 |       0 |   10569 |   0.0 |       0 |      31 |   0.0 |  2219
          D:14 |       0 |   13134 |   0.0 |       0 |      33 |   0.0 |  2273
          D:15 |       0 |    7326 |   0.0 |       0 |      25 |   0.0 |  1126
        Bailey |       0 |     842 |   0.0 |       0 |      26 |   0.0 |   757
               +---------+---------+-------+---------+---------+-------+---------
